 Dungeon Crawl Stone Soup version 0.28.0-53-g5a82cb258f (webtiles) character file.

Game seed: 13052159941579460471

8048 purpskrrrp the Cleaver (level 11, -4/81 HPs)
             Began as a Demonspawn Wanderer on June 23, 2022.
             Was a Believer of Dithmenos.
             Slain by a vampire (6 damage)
             ... on level 9 of the Dungeon.
             The game lasted 00:53:11 (11797 turns).

purpskrrrp the Cleaver (Demonspawn Wanderer)       Turns: 11797, Time: 00:53:12

Health: -4/81      AC: 14    Str: 13    XL:     11   Next: 4%
Magic:  0/11       EV: 15    Int: 11    God:    Dithmenos [**....]
Gold:   89         SH:  0    Dex: 27    Spells: 10/10 levels left

rFire   . . .      SeeInvis .   r - +6 hand axe of Conscience {vorpal, Contam Str+4 Dex+4}
rCold   + . .      Faith    .   (no shield)
rNeg    . . .      Spirit   +   g - +1 acid dragon scales
rPois   .          Reflect  .   (helmet restricted)
rElec   .          Harm     .   y - +0 cloak
rCorr   +          Rampage  .   (no gloves)
Will    .....                   (no boots)
Stlth   +++++.....              C - amulet of guardian spirit
HPRegen 0.23/turn               h - +4 ring of protection
MPRegen 0.12/turn               G - ring of flight

@: flying, wreathed by umbra
A: claws 2, horns 2, demonic guardian 1, weakness stinger 2, hooves 1, cold
resistance 1, noise suppression
a: Renounce Religion, Shadow Step


You were on level 9 of the Dungeon.
You worshipped Dithmenos.
Dithmenos was pleased with you.
You visited 1 branch of the dungeon, and saw 10 of its levels.
You also visited: Sewer.

You collected 497 gold pieces.
You spent 408 gold pieces at shops.

Inventory:

Hand Weapons
 a - a +3 shortbow
 r - the +6 hand axe of Conscience (weapon) {vorpal, Contam Str+4 Dex+4}
   (You found it on level 3 of the Dungeon)

   It inflicts extra damage upon your enemies.
   Str:       It affects your strength (+4).
   Dex:       It affects your dexterity (+4).
   Contam:    It causes magical contamination when unequipped.
 x - a +6 great sword
 A - a +1 bardiche
 F - a +2 battleaxe of venom
Missiles
 b - 212 arrows
 f - a throwing net (quivered)
Armour
 g - +1 acid dragon scales (worn)
 y - a +0 cloak (worn)
 J - a +0 pair of gloves
Magical Staves
 s - a staff of cold
Jewellery
 h - a +4 ring of protection (left claw)
 C - an amulet of guardian spirit (around neck)
 G - a ring of flight (right claw)
 I - a ring of see invisible
Wands
 m - a wand of polymorph (4)
 v - a wand of paralysis (10)
 E - a wand of mindburst (21)
Scrolls
 c - 3 scrolls of identify
 j - 6 scrolls of teleportation
 o - a scroll of silence
 w - 4 scrolls of vulnerability
Potions
 d - a potion of flight {unknown}
 e - 3 potions of lignification {unknown}
 i - 2 potions of invisibility
 k - 3 potions of cancellation {unknown}
 l - 2 potions of mutation
 p - 2 potions of brilliance {unknown}
 q - a potion of might {unknown}
 t - 2 potions of magic
 u - a potion of haste {unknown}
 B - 2 potions of degeneration {unknown}
 D - a potion of attraction {unknown}


   Skills:
 + Level 5.8 Fighting
 + Level 10.6 Axes
 + Level 5.0 Bows
 + Level 1.2 Throwing
 + Level 6.6 Armour
 + Level 5.0 Dodging
 + Level 5.8 Stealth
 + Level 1.0 Evocations


You had 10 spell levels left.
You didn't know any spells.
Your spell library contained the following spells:

 Spells                   Type           Power      Damage    Failure   Level
 Animate Skeleton         Necr           0%         N/A       45%         1
 Apportation              Tloc           0%         N/A       45%         1
 Freeze                   Ice            0%         1d3       45%         1
 Pain                     Necr           0%         1d4       45%         1
 Summon Small Mammal      Summ           0%         N/A       45%         1
 Ensorcelled Hibernation  Hex/Ice        0%         N/A       58%         2
 Passwall                 Tmut/Erth      0%         N/A       58%         2
 Sublimation of Blood     Necr           0%         N/A       58%         2
 Wereblood                Tmut           0%         N/A       58%         2
 Call Canine Familiar     Summ           0%         N/A       83%         3
 Conjure Flame            Conj/Fire      0%         6-21      83%         3
 Frozen Ramparts          Ice            0%         1d2       83%         3
 Ignite Poison            Fire/Tmut/Pois 0%         N/A       83%         3
 Portal Projectile        Hex/Tloc       0%         N/A       83%         3
 Summon Guardian Golem    Hex/Summ       0%         N/A       83%         3
 Swiftness                Air            0%         N/A       83%         3
 Hailstorm                Conj/Ice       0%         3d3       99%         4
 Leda's Liquefaction      Hex/Erth       0%         N/A       99%         4
 Sticky Flame             Conj/Fire      0%         2d3       99%         4
 Summon Ice Beast         Ice/Summ       0%         N/A       99%         4
 Agony                    Necr           0%         N/A       100%        5
 Excruciating Wounds      Necr           0%         N/A       100%        5
 Summon Mana Viper        Hex/Summ       0%         N/A       100%        5
 Monstrous Menagerie      Summ           0%         N/A       100%        7
 Orb of Destruction       Conj           0%         9d5       100%        7
 Spellforged Servitor     Conj/Summ      0%         N/A       100%        7
 Summon Hydra             Summ           0%         N/A       100%        7


Dungeon Overview and Level Annotations

Branches:
Dungeon (10/15)            Temple (0/1) D:7           Sewer (visited)
   Lair: D:8-11         Orc: D:9-12

Altars:
Dithmenos
Elyvilon
Hepliaklqana
Kikubaaqudgha
Okawaru
Sif Muna
Xom

Shops:
D:2 *   D:3 (   D:6 (   D:8 !=(**   D:9 *


Innate Abilities, Weirdness & Mutations

You have very sharp fingernails.
You have a pair of horns on your head.
A weak demonic guardian rushes to your aid.
You have a tail ending in a sharp stinger.
You have large cloven feet.
Your flesh is cold resistant. (rC+)
You passively dampen the noise of your surroundings.


Message History

Something completely misses you. Something bites you but does no damage.
There is a stone staircase leading down, spattered with blood here.
You hit something. You headbutt something.
Something hits you but does no damage. Something bites you.
Something draws strength from your injuries!
You're too confused to move!
Something hits you. Something bites you.
* * * LOW HITPOINT WARNING * * *
Something draws strength from your injuries!
Your ufetubus disappears in a puff of smoke!
You bump into the rock wall.
You feel less confused. Something hits you.
* * * LOW HITPOINT WARNING * * *
Something bites you but does no damage.
You hit something. Your kick misses something. You headbutt something.
You tail-slap something. Something draws life force from you!
* * * LOW HITPOINT WARNING * * *
You miss something. You kick something.
Aiming: Mindburst
Press: ? - help, Q - select action, (/) - cycle Shift-Dir - straight line Nothing appears to happen.
A vampire appears from thin air!
Reactivating autopickup.
The vampire mumbles some strange words.
The vampire flickers and vanishes!
Deactivating autopickup; reactivate with Ctrl-A.
You slash something! You kick something. Your headbutt misses something.
Something hits you but does no damage. Something bites you.
* * * LOW HITPOINT WARNING * * *
Something draws strength from your injuries!
Aiming: Paralyse
Press: ? - help, Q - select action, (/) - cycle Shift-Dir - straight line Nothing appears to happen.
Something draws life force from you!
* * * LOW HITPOINT WARNING * * *
Aiming: Mindburst
Press: ? - help, Q - select action, (/) - cycle Shift-Dir - straight line Nothing appears to happen.
Something hits you!
You die...

#.........# ######.#
#####.##### #[# #).#
#########.## #.##
#..........# ####.##
#..........# #.....#
#..........# #.....#
#....>.....# ####.....#
#.....†....# #........#
#@{........# ##.##.....#
####..........#
...##.....###.............#
.####.....##..##..........#
.# #........###..........#
.# #.....#### #..........#
## #.....# #..........#
####### ############


There were no monsters in sight!

Vanquished Creatures
  A two-headed ogre (D:8)
  A tengu warrior (D:8)
  A cyclops (D:8)
  9 yaks
  2 steam dragons (D:8)
  A vampire mosquito (D:8)
  An acid dragon (D:5)
  The ghost of trickyswaf the Digger, an amateur GrEE of Vehumet (D:4)
  3 water moccasins
  An orc warrior (D:9)
  A sky beast (D:7)
  3 ogres
  2 black bears
  A necrophage (D:8)
  4 centaurs
  3 phantoms
  3 kobold brigands
  A gnoll sergeant (D:8)
  4 bullfrogs
  A water moccasin zombie (D:4)
  A scorpion (D:7)
  A wyvern zombie (D:8)
  2 water moccasin skeletons (D:7)
  13 killer bees
  14 wights
  A howler monkey (D:10)
  3 centaur zombies
  A jelly (D:6)
  A bullfrog zombie (D:4)
  3 bullfrog skeletons
  3 centaur skeletons
  A hound (D:7)
  5 orc priests
  2 iguanas
  7 orc wizards
  2 howler monkey zombies
  11 gnolls
  6 adders
  2 river rats (Sewer)
  3 shadow imps
  A white imp (D:8)
  2 ufetubi (D:5)
  An adder skeleton (D:5)
  2 worms
  2 dart slugs
  24 orcs
  4 ball pythons
  7 bats
  8 endoplasms
  9 giant cockroaches
  4 goblins
  7 hobgoblins
  4 jackals (D:2)
  7 quokkas
  5 frilled lizards
  A jackal skeleton (D:4)
  18 kobolds
  9 rats
241 creatures vanquished.

Vanquished Creatures (others)
  28 plants (D:4)
28 creatures vanquished.

Grand Total: 269 creatures vanquished

Notes
Turn   | Place    | Note
-------+----------+-------------------------------------------
     0 | D:1      | purpskrrrp the Demonspawn Wanderer began the quest for the
                  | Orb.
     0 | D:1      | purpskrrrp set off with the following items: a +3 shortbow,
                  | 28 arrows, a +0 ring mail
     0 | D:1      | Reached XP level 1. HP: 16/16 MP: 1/1
   186 | D:1      | Discovered your monstrous ancestry.
   186 | D:1      | Gained mutation: You have a small tail. [demonic ancestry]
   186 | D:1      | Reached XP level 2. HP: 22/22 MP: 2/2
   412 | D:1      | Found a faded altar of an unknown god.
   420 | D:1      | Reached XP level 3. HP: 27/27 MP: 3/3
  1242 | D:2      | Found Qin Qid's General Store.
  1980 | D:3      | Found a shimmering altar of Xom.
  2179 | D:3      | Gained mutation: A weak demonic guardian rushes to your
                  | aid. [demonic ancestry]
  2179 | D:3      | Reached XP level 4. HP: 33/33 MP: 4/4
  2361 | D:3      | Found Cimn's Weapon Shoppe.
  2373 | D:3      | Bought 2 curare-tipped darts for 14 gold pieces
  2741 | D:3      | Identified the +6 hand axe of Conscience {vorpal, Contam
                  | Str+4 Dex+4}
  2928 | D:4      | Found a glowing drain.
  2940 | Sewer    | Entered a sewer
  3126 | Sewer    | Noticed a kobold brigand
  3133 | Sewer    | Killed a kobold brigand
  3134 | Sewer    | Gained mutation: You have sharp fingernails. [demonic
                  | ancestry]
  3134 | Sewer    | Reached XP level 5. HP: 26/39 MP: 5/5
  3425 | Sewer    | Reached skill level 1 in Axes
  3425 | Sewer    | Gained mutation: You have very sharp fingernails. [demonic
                  | ancestry]
  3425 | Sewer    | Reached XP level 6. HP: 34/46 MP: 6/6
  3726 | D:4      | Reached skill level 5 in Bows
  3726 | D:4      | Reached skill level 1 in Dodging
  3934 | D:4      | Found an ancient bone altar of Kikubaaqudgha.
  3968 | D:4      | Reached skill level 2 in Axes
  4156 | D:4      | Noticed trickyswaf's ghost (amateur GrEE)
  4157 | D:4      | Found a transporter.
  4203 | D:4      | Found a transporter.
  4394 | D:4      | Killed trickyswaf's ghost
  4395 | D:4      | Reached skill level 1 in Stealth
  4395 | D:4      | Gained mutation: You have a pair of small horns on your
                  | head. [demonic ancestry]
  4395 | D:4      | Reached XP level 7. HP: 51/51 MP: 7/7
  4402 | D:4      | Reached skill level 3 in Axes
  4560 | D:4      | Gained mutation: You have large cloven feet. [potion of
                  | mutation]
  4560 | D:4      | Gained mutation: You passively dampen the noise of your
                  | surroundings. [potion of mutation]
  4560 | D:4      | Gained mutation: You have a pair of horns on your head.
                  | [potion of mutation]
  4560 | D:4      | Gained mutation: Your flesh is cold resistant. (rC+)
                  | [potion of mutation]
  4645 | D:5      | Entered Level 5 of the Dungeon
  4666 | D:5      | Reached skill level 4 in Axes
  4674 | D:5      | Reached skill level 5 in Armour
  5003 | D:5      | Gained mutation: You have a tail ending in a sharp stinger.
                  | [demonic ancestry]
  5003 | D:5      | Reached XP level 8. HP: 48/58 MP: 8/8
  5208 | D:5      | Reached skill level 5 in Axes
  5234 | D:5      | Found a shadowy altar of Dithmenos.
  5253 | D:5      | Became a worshipper of Dithmenos the Shadowed
  6051 | D:6      | Reached skill level 6 in Axes
  6327 | D:6      | Found Kihafomy's Antique Weapon Shoppe.
  6581 | D:6      | Found a shimmering blue altar of Sif Muna.
  6651 | D:6      | Reached XP level 9. HP: 44/65 MP: 9/9
  6838 | D:6      | Found an iron altar of Okawaru.
  7165 | D:7      | Reached skill level 7 in Axes
  8010 | D:7      | Found a staircase to the Ecumenical Temple.
  8096 | D:7      | Reached * piety under Dithmenos
  8380 | D:7      | Reached skill level 8 in Axes
  8787 | D:8      | Found Gumy's Weapon Shoppe.
  8802 | D:8      | Found Ysoy's Jewellery Emporium.
  8834 | D:8      | Bought a ring of flight for 245 gold pieces
  8844 | D:8      | Found Myfuifor's Distillery.
  8986 | D:8      | Found a hazy altar of Hepliaklqana.
  9025 | D:8      | Found Yhoas's Assorted Antiques.
  9030 | D:8      | Bought a scroll of identify for 66 gold pieces
  9030 | D:8      | Bought a scroll labelled MUGASINOVO for 33 gold pieces
  9184 | D:8      | Noticed a tengu warrior
  9199 | D:8      | Killed a tengu warrior
  9200 | D:8      | Reached skill level 1 in Throwing
  9200 | D:8      | Reached XP level 10. HP: 50/73 MP: 6/10
  9336 | D:8      | Noticed a cyclops
  9338 | D:8      | Reached skill level 9 in Axes
  9564 | D:8      | Reached skill level 5 in Stealth
  9895 | D:8      | Noticed a two-headed ogre
  9904 | D:8      | Killed a two-headed ogre
  9905 | D:8      | Reached skill level 5 in Fighting
 10164 | D:8      | Found Moisadir's Assorted Antiques.
 10422 | D:8      | Killed a cyclops
 10717 | D:9      | Found Notyfuig's Assorted Antiques.
 10739 | D:9      | Bought a scroll of identify for 50 gold pieces
 10925 | D:9      | Reached ** piety under Dithmenos
 10948 | D:9      | Reached skill level 10 in Axes
 11276 | D:9      | Reached skill level 5 in Dodging
 11276 | D:9      | Reached XP level 11. HP: 78/81 MP: 11/11
 11747 | D:10     | Entered Level 10 of the Dungeon
 11796 | D:9      | HP: 1/81 [something (7)]
 11797 | D:9      | Slain by a vampire

Illustrated notes

Levels and vault maps discovered:
D:1:      dpeg_arrival_signposts, layout_basic,
          dreamdust_ecumenical_altar_grove, minmay_misc_feat_tiny, st_stairs_11
D:2:      layout_basic, serial_co_window_serial, co_window_corner_a,
          co_window_paths_a, co_window_paths_a, co_window_of_opportunity_a,
          co_window_corner_a, co_window_of_opportunity_c, co_window_corner_ca,
          co_window_of_opportunity_c, co_window_corner_ca, co_window_cross_4,
          co_window_paths_d, co_window_4corner_a, glass_columns_a,
          glass_columns_c, glass_columns_b, glass_columns_c, serial_shops, shop,
          minivault_4
D:3:      layout_basic, mainiacjoe_overflow_six_doors_small, serial_shops,
          nicolae_shop_bloodbath_and_beyond, hex_tiny
D:4:      layout_rooms, mainiacjoe_overflow_catch_the_wave,
          portal_sewer_entry_f, gammafunk_ghost_mausoleum
D:5:      layout_gridville, grunt_dithmenos_shadows
D:6:      layout_cave_pods, lemuel_crystal_altar, kennysheep_okawaru_gauntlet,
          serial_shops, nicolae_shop_advertising_works
          [nicolae_subvault_shop_adworks]
D:7:      layout_gridville, minmay_temple_entry_junction,
          chequers_decorated_corner, grunt_ogre_cave, kennysheep_generic_room_3
D:8:      kennysheep_blocky_room, layout_loops_ring,
          nicolae_hepliaklqana_hazy_memory, serial_shops, nicolae_stop_n_shop_1,
          shop, kennysheep_mini, nicolae_stop_n_shop_1, nicolae_square_shop,
          minmay_increasing_density
D:9:      layout_roguey, serial_shops, nicolae_shop_stone
D:10:     layout_basic

Skill      XL: |  1  2  3  4  5  6  7  8  9 10 |
---------------+-------------------------------+-----
Armour         | 4 5 6 |  6.6
Bows           | 3 4 5 |  5.0
Axes           | 1 2 4 6 8 10 | 10.6
Dodging        | 1 2 3 5 |  5.0
Stealth        | 1 3 4 5 |  5.8
Fighting       | 3 4 5 |  5.8
Throwing       | 1 |  1.2
Evocations     | |  1.0

Action                   |  1- 3 |  4- 6 |  7- 9 | 10-12 || total
-------------------------+-------+-------+-------+-------++-------
Melee: Hand axe          |       |    97 |   238 |   242 ||   577
       Tailslap          |       |     9 |    36 |    41 ||    86
       Punch             |       |     1 |     2 |     4 ||     7
       Kick              |       |       |    75 |    97 ||   172
       Headbutt          |       |       |    51 |    50 ||   101
 Fire: Shortbow          |   121 |    18 |       |       ||   139
Throw: Dart              |       |     7 |       |       ||     7
       Throwing net      |       |       |     3 |     2 ||     5
Evoke: Wand              |       |       |       |     3 ||     3
  Use: Scroll            |     5 |     2 |     8 |     4 ||    19
       Potion            |       |       |     3 |     4 ||     7
 Stab: Sleeping          |       |       |     6 |     6 ||    12
       Held in net/web   |       |       |     4 |       ||     4
Armor: Ring mail         |    17 |    44 |    57 |       ||   118
       Acid dragon scale |       |       |    46 |    82 ||   128
Dodge: Dodged            |    18 |    53 |   134 |   196 ||   401
